 Dungeon Crawl Stone Soup version 0.30.1-9-gdf580d7c3d (webtiles) character file.

Game seed: 3964714844589652703

160 ringo67 the Shooter (level 5, 0/32 HPs)
             Began as a Tengu Hunter on Sept 29, 2023.
             Succumbed to a kobold brigand's curare-tipped dart
             ... in a sewer.
             The game lasted 00:09:42 (1912 turns).

ringo67 the Shooter (Tengu Hunter)                  Turns: 1912, Time: 00:09:43

Health: 0/32       AC:  8    Str:  8 (11) XL:     5   Next: 41%
Magic:  6/6        EV: 12    Int:  7 (9)  God:
Gold:   81         SH:  0    Dex: 20 (22) Spells: 4/4 levels left

rFire   . . .        a - +0 shortbow
rCold   + . .        (shield currently unavailable)
rNeg    . . .        n - +3 ring mail
rPois   +            (helmet restricted)
rElec   .            (no cloak)
rCorr   .            (no gloves)
SInv    .            (boots unavailable)
Will    .....        (no amulet)
Stlth   ++           d - ring of protection from cold
HPRegen 0.25/turn    (no ring)
MPRegen 0.10/turn

%: no passive effects
@: mighty, brilliant, lethally poisoned (0 -> -1), flying quickly and evasively,
slowed, very slow
A: beak, talons 3, nimble flight, thin skeletal structure 1, poison resistance
a: no special abilities


You were in a sewer.
You visited 1 branch of the dungeon, and saw 3 of its levels.
You also visited: Sewer.

You collected 81 gold pieces.

Inventory:

Hand Weapons
 a - a +0 shortbow (weapon)
 b - a +0 short sword of draining
 f - a +0 long sword
Armour
 n - a +3 ring mail (worn)
Jewellery
 d - a ring of protection from cold (left hand)
Scrolls
 g - 6 scrolls of identify {unknown}
 h - 2 scrolls of enchant armour {unknown}
 i - a scroll of blinking {unknown}
 j - a scroll of teleportation {unknown}
 k - a scroll of fear {unknown}
 l - 2 scrolls of poison
 p - a scroll of amnesia {unknown}
 t - a scroll of acquirement {unknown}
 u - a scroll of butterflies {unknown}
Potions
 e - a potion of degeneration
 o - a potion of curing {unknown}
 r - a potion of heal wounds {unknown}


   Skills:
 + Level 3.1 Fighting
 * Level 5.9 Ranged Weapons
 + Level 2.3 Armour
 - Level 2.2 Dodging
 - Level 1.0 Stealth


You had 4 spell levels left.
You didn't know any spells.
Your spell library contained the following spells:

 Spells                   Type           Power      Damage    Failure   Level
 Sandblast                Erth           0%         2d4       80%         1
 Passwall                 Tmut/Erth      0%         N/A       91%         2
 Stone Arrow              Conj/Erth      0%         3d7       99%         3


Dungeon Overview and Level Annotations

Branches:
Dungeon (3/15)              Sewer (1/1)

Altars:


Innate Abilities, Weirdness & Mutations

You have a beak for a mouth.
You have claws for feet.
Your magical nature lets you fly swiftly and evasively.
You have a somewhat thin skeletal structure. (Dex +2, Stealth+)
Your system is resistant to poisons. (rPois)


Message History

The arrow barely misses the kobold brigand.
You feel very sick.
You shoot an arrow. The arrow hits the kobold brigand!
The kobold brigand is moderately wounded.
You feel very sick.
You shoot an arrow.
The arrow barely misses the kobold brigand.
You feel sick.
The kobold brigand throws a curare-tipped dart.
The curare-tipped dart hits you.
You are more poisoned.
You have difficulty breathing.
You feel as though you will be slow longer.
You are too injured to fight recklessly!
It was a potion of degeneration.
There was something very wrong with that liquid.
You feel weakened.
You feel dopey.
You feel clumsy.
* * * LOW HITPOINT WARNING * * *
You feel very sick.
It was a potion of flight.
You feel more buoyant.
You feel sick.
The kobold brigand hits you but does no damage.
The air fills with toxic fumes!
As you read the scroll labelled CEPISTR NENAANY, it crumbles to dust.
It was a scroll of poison.
You feel sick.
The kobold brigand splashes around in the water.
It was a potion of might.
You feel very mighty all of a sudden.
You feel sick. The kobold brigand closely misses you.
The kobold brigand hits you with a +0 dagger.
* * * LOW HITPOINT WARNING * * *
It was a potion of mutation.
You feel extremely strange.
Your bones become slightly less dense.
You feel resistant to poisons.
* * * LOW HITPOINT WARNING * * *
You feel sick.
The kobold brigand hits you but does no damage.
It was a potion of brilliance.
You feel clever all of a sudden.
You die...

##~~~## ##~~~## #§§§#
#~~.# #§§§# #.~.# #§§§##
##§~~# #§§§☼## ##§§~.#
#§§§§§#####§§§~~# #
##§☼§§§§§§§§§§~######## ..
###§K§§§§§§§####~....~
..~~ ##§@§§§§§## #.~~.~.~
..~~# ##§§§§§§§####~~.....
#.~..##§§§§§§§☼§##~~..####
#~~~☼§§§§§§§§§§§~~.~## #
#.§§☼§§☼§§☼§§§☼~.~##
#§§§§§§§§§§§§§§.~~#
#§§§§§§§☼§§§§§§~~~#
#§§§§§§§§§§§☼§§~~~#
##~~~~..~.~~.~.~~.~##


You could see a kobold brigand.

Vanquished Creatures
  A kobold brigand (Sewer)
  An adder (Sewer)
  2 river rats (Sewer)
  4 worms
  A dart slug (D:2)
  3 endoplasms
  4 giant cockroaches
  2 hobgoblins
  2 jackals (D:1)
  7 kobolds
  A quokka (D:1)
  9 ball pythons
  6 bats
  2 frilled lizards (D:1)
  9 rats
54 creatures vanquished.

Notes
Turn   | Place    | Note
-------+----------+-------------------------------------------
     0 | D:1      | ringo67 the Tengu Hunter began the quest for the Orb.
     0 | D:1      | Reached XP level 1. HP: 12/12 MP: 2/2
   301 | D:1      | Reached XP level 2. HP: 17/17 MP: 3/3
   613 | D:1      | Reached skill level 1 in Armour
   787 | D:2      | Reached XP level 3. HP: 22/22 MP: 4/4
   840 | D:2      | Reached skill level 5 in Ranged Weapons
  1412 | D:3      | Found a glowing drain.
  1431 | Sewer    | Entered a sewer
  1564 | Sewer    | Reached XP level 4. HP: 25/27 MP: 5/5
  1636 | Sewer    | Noticed a kobold brigand
  1640 | Sewer    | Killed a kobold brigand
  1641 | Sewer    | Gained mutation: Your magical nature lets you fly swiftly
                  | and evasively. [Tengu growth]
  1641 | Sewer    | Reached XP level 5. HP: 16/32 MP: 6/6
  1887 | Sewer    | Noticed a kobold brigand
  1887 | Sewer    | Noticed a kobold brigand
  1911 | Sewer    | Gained mutation: You have a somewhat thin skeletal
                  | structure. (Dex +2, Stealth+) [potion of mutation]
  1911 | Sewer    | Gained mutation: Your system is resistant to poisons.
                  | (rPois) [potion of mutation]
  1912 | Sewer    | Succumbed to a kobold brigand's curare-tipped dart

Illustrated notes

Levels and vault maps discovered:
D:1:      wander_arrival_peaceful_grave, layout_basic
D:2:      layout_loops_ring, kennysheep_donut
D:3:      layout_rooms, cheibrodos_sewer_entry_drain
Sewer:    sewer_co_tree

Skill      XL: |  1  2  3  4 |
---------------+-------------+-----
Armour         | 1 2 |  2.3
Ranged Weapons | 5 |  5.9
Fighting       | 3 |  3.1
Dodging        | |  2.2
Stealth        | |  1.0

Action                     |  1- 3 |  4- 6 || total
---------------------------+-------+-------++-------
   Fire: Shortbow          |   122 |    25 ||   147
    Use: Scroll            |       |     2 ||     2
         Potion            |       |     5 ||     5
 Armour: Scale mail        |    22 |       ||    22
         Leather armour    |     1 |       ||     1
         Ring mail         |     7 |     3 ||    10
  Dodge: Dodged            |    37 |     2 ||    39
